 Dungeon Crawl Stone Soup version 0.32-a0-938-g40ac7a0f4d (webtiles) character file.

Game seed: 13078164336446098223

68694 ragingrage the Slicer (level 15, -2/74 HPs)
             Began as a Vine Stalker Delver on Apr 15, 2024.
             Was the Champion of Hepliaklqana.
             Slain by an orc high priest
             ... wielding a +0 dire flail
              (5 damage)
             ... on level 1 of the Orcish Mines.
             The game lasted 00:17:33 (16223 turns).

ragingrage the Slicer (Vine Stalker Delver)        Turns: 16223, Time: 00:17:34

Health: -2/74      AC: 18    Str: 22    XL:     15   Next: 27%
Magic:  0/22       EV: 14    Int: 15    God:    Hepliaklqana [******]
Gold:   169        SH:  5    Dex: 21    Spells: 12/14 levels left

rFire   . . .        b - +10 short sword of Xihousk {flame, rElec Int+5}
rCold   . . .        m - orb {light}
rNeg    . . .        l - +1 scale mail "Cuorgh" {rElec Str+5}
rPois   .            I - +1 helmet
rElec   +            (no cloak)
rCorr   .            o - +0 pair of gloves
SInv    .            (no boots)
Will    ++...        u - amulet of reflection
Stlth   ++           p - ring of willpower
HPRegen 1.12/turn    x - +4 ring of protection
MPRegen 0.18/turn

%: reflection, guardian spirit
@: lethally poisoned (-2 -> -3), glowing
A: reduced essence, fangs 3, regeneration 1, magic shield, antimagic bite, no
potion heal 2
a: Renounce Religion, Recall Ancestor, Ancestor Identity, Transference, Idealise


You were on level 1 of the Orcish Mines.
You worshipped Hepliaklqana.
Hepliaklqana was exalted by your worship.
You visited 4 branches of the dungeon, and saw 19 of its levels.

You collected 1000 gold pieces.
You spent 831 gold pieces at shops.

Inventory:

Hand Weapons
 a - the +8 short sword of Quick Death {drain, rC+}
   (You bought it in a shop on level 12 of the Dungeon)

   rC+:       It protects you from cold.
 b - the +10 short sword of Xihousk (weapon) {flame, rElec Int+5}
   (You found it on level 8 of the Dungeon)

   Int+5:     It affects your intelligence (+5).
   rElec:     It insulates you from electricity.
 j - a +2 rapier of distortion
Missiles
 y - 65 poisoned darts (quivered)
 E - 5 throwing nets
Armour
 l - the +1 scale mail "Cuorgh" (worn) {rElec Str+5}
   (You found it on level 5 of the Dungeon)

   Str+5:     It affects your strength (+5).
   rElec:     It insulates you from electricity.
 m - an orb of light (worn)
 o - a +0 pair of gloves (worn)
 t - a +2 leather armour of fire resistance
 I - a +1 helmet (worn)
 M - the +3 leather armour of Past Mistakes {-Tele rElec rF+++ Int-4}
   (You took it off a kobold demonologist on level 11 of the Dungeon)

   Int-4:     It affects your intelligence (-4).
   rF+++:     It renders you almost immune to fire.
   rElec:     It insulates you from electricity.
   -Tele:     It prevents most forms of teleportation.
Jewellery
 p - a ring of willpower (left hand)
 s - a ring of resist corrosion
 u - an amulet of reflection (around neck)
 x - a +4 ring of protection (right hand)
 D - an amulet of the acrobat
 U - a ring of ice
Talismans
 R - a maw talisman
Wands
 g - a wand of digging (3)
 B - a wand of paralysis (10)
 J - a wand of light (6)
 N - a wand of flame (8)
 S - a wand of mindburst (7)
Scrolls
 c - 3 scrolls of fog
 d - 3 scrolls of revelation
 e - 5 scrolls of fear
 h - 3 scrolls of amnesia
 q - 7 scrolls of teleportation
 v - a scroll of vulnerability {unknown}
 w - 3 scrolls of noise
 C - a scroll of blinking
 H - 4 scrolls of enchant weapon
 L - 2 scrolls of poison
 P - a scroll of summoning
 T - a scroll of identify
 V - a scroll of silence
 W - a scroll of acquirement {unknown}
Potions
 f - 6 potions of haste
 i - 3 potions of ambrosia {unknown}
 k - 2 potions of invisibility {unknown}
 n - 4 potions of mutation {unknown}
 r - a potion of cancellation {unknown}
 z - 7 potions of curing {unknown}
 A - 5 potions of attraction {unknown}
 F - 3 potions of enlightenment {unknown}
 K - 5 potions of brilliance {unknown}
 O - 3 potions of degeneration {unknown}
 Q - a potion of might {unknown}
Miscellaneous
 G - a phantom mirror (inert)


   Skills:
 + Level 11.2 Fighting
 - Level 11.3 Short Blades
 - Level 11.1 Armour
 + Level 6.9 Dodging
 - Level 10.0 Stealth
 - Level 5.0 Hexes
 - Level 8.0 Invocations
 - Level 7.0 Evocations
 + Level 4.5 Shapeshifting


You had 12 spell levels left.
You knew the following spells:

 Your Spells              Type           Power      Damage    Failure   Level
a - Jinxbite              Hex            30%        N/A       11%         2

Your spell library contained the following spells:

 Spells                   Type           Power      Damage    Failure   Level
 Slow                     Hex            60%        N/A       8%          1
 Confusing Touch          Hex            15%        N/A       22%         3
 Tukima's Dance           Hex            15%        N/A       22%         3
 Apportation              Tloc           0%         N/A       50%         1
 Freeze                   Ice            0%         1d3       50%         1
 Kiss of Death            Conj/Necr      0%         2d5       50%         1
 Sting                    Conj/Alch      0%         1d3       50%         1
 Inner Flame              Hex/Fire       7%         N/A       52%         3
 Call Imp                 Summ           0%         N/A       65%         2
 Mercury Vapours          Alch/Air       0%         N/A       65%         2
 Sublimation of Blood     Necr           0%         N/A       65%         2
 Frozen Ramparts          Ice            0%         1d1       86%         3
 Hailstorm                Conj/Ice       0%         3d5       86%         3
 Summon Ice Beast         Ice/Summ       0%         N/A       86%         3
 Teleport Other           Tloc           0%         N/A       86%         3
 Vampiric Draining        Necr           0%         2d6       86%         3
 Dimensional Bullseye     Hex/Tloc       3%         N/A       90%         4
 Dispel Undead            Necr           0%         3d6       99%         4
 Flame Wave               Conj/Fire      0%         2d4       99%         4
 Iskenderun's Mystic Bla Conj/Tloc 0%             2d3        (+2d1     99%         4
 Olgreb's Toxic Radiance  Alch           0%         N/A       99%         4
 Passage of Golubria      Tloc           0%         N/A       99%         4
 Sticky Flame             Fire/Alch      0%         2d4       99%         4
 Summon Mana Viper        Hex/Summ       7%         N/A       99%         5
 Yara's Violent Unravell  Hex/Alch       3%         3d4       99%         5
 Alistair's Intoxication  Alch           0%         N/A       100%        5
 Dispersal                Tloc           0%         N/A       100%        6
 Gell's Gavotte           Tloc           0%         2d(11-16) 100%        6
 Monstrous Menagerie      Summ           0%         N/A       100%        7
 Summon Hydra             Summ           0%         N/A       100%        7


Dungeon Overview and Level Annotations

Branches:
Dungeon (12/15)            Temple (0/1) D:6            Lair (5/5) D:9
 Shoals (0/4) Lair:2        Snake (1/4) Lair:2        Slime (0/5) Lair:5
    Orc (1/2) D:12

Altars:
Fedhas
Hepliaklqana
Okawaru
Qazlal
Sif Muna
Wu Jian
Jiyva
Lugonu

Shops:
D:4 (   D:12 (   Orc:1 *

Portals:
Abyss: Lair:5

Annotations:
D:4 exclusion: oklob plant, Robin
D:5 3 runed translucent doors, EvilEddieB's ghost, novice HuCj; LadyBoffin's ghost, novice TeAE; nobo's ghost, amateur MDRe; scarr's ghost, novice OpMo


Innate Abilities, Weirdness & Mutations

Your life essence is reduced to manifest your ancestor. (-10% HP)
You have razor-sharp teeth.
Your natural rate of healing is unusually fast.
When hurt, damage is shared between your health and your magic reserves.
Your bite disrupts and absorbs the magic of your enemies.
Potions cannot restore your health.


Message History

Your bite misses the orc high priest.
You feel sick.
The chaos spawn bites you but does no damage.
You feel very sick. The orange demon stings you!
The orange demon barely misses you.
The chaos spawn tail-slaps you but does no damage.
The orc high priest closely misses you.
Ufodu hits the chaos spawn with a +0 dagger of draining!
You hit the orc wizard. You burn the orc wizard. You bite the orc wizard!
You kill the orc wizard!
You feel sick.
Ufodu completely misses the chaos spawn.
You hit the orc high priest. You burn the orc high priest.
You feel sick. The orange demon stings you. The orange demon misses you.
The chaos spawn pecks you but does no damage.
Ufodu hits the chaos spawn but does no damage.
The orc high priest closely misses you.
You puncture the orc high priest! You burn the orc high priest.
You bite the orc high priest! You drain its power.
You feel invigorated.
You feel sick.
Ufodu casts a spell at the orc high priest.
The orc high priest resists with almost no effort.
You completely miss the orc high priest.
You bite the orc high priest. You drain its power.
You feel sick. The orange demon stings you. The orange demon hits you.
The orc knight hits you with a +0 great sword!!
* * * LOW HITPOINT WARNING * * *
The orc high priest hits you with a +0 dire flail!
* * * LOW HITPOINT WARNING * * *
The chaos spawn tail-slaps you.
* * * LOW HITPOINT WARNING * * *
You are caught in a web!
The web tears apart.
You feel sick.
The orange demon stings you but does no damage.
The orange demon closely misses you.
The orc knight hits you with a +0 great sword.
* * * LOW HITPOINT WARNING * * *
The chaos spawn releases spores at you but does no damage.
The orc high priest hits you with a +0 dire flail!
You die...
Hepliaklqana delivers you to your ancestors.

................
#.......$...#∩..# .
#..........#.#..#..
#.................####.
#..........#......§≈≈o#
#................§≈§o§#
#..>......R)....§§≈§§#
##........o@.....#≈≈§§#.
#......)..o44......)....
#.........$........#
#........)).......##
##.......).)....[.#
#..............#.##
#....<...#.#....##
#.....[.....##.##
##..[)[......###


You could see the friendly Ufodu the hexer, an orc knight, an orc high priest
(strong, ally target), an orange demon (summoned) and a chaos spawn (summoned).

Vanquished Creatures
  Harold (D:9)
  A hydra (Lair:5)
  5 boulder beetles
  A death yak (Lair:2)
  Urug (D:10)
  3 thrashing horrors (Lair:5)
  Sonja (Orc:1)
  3 skeletal warriors (D:12)
  An orc knight (D:12)
  Pikel (D:4)
  A deep elf pyromancer (D:12)
  An ugly thing (D:12)
  13 elephants
  3 black mambas
  2 smoke demons (Lair:5)
  A torpor snail (Lair:5)
  12 cane toads
  2 kobold demonologists
  An unseen horror (D:11)
  2 rime drakes
  7 komodo dragons
  A polar bear (Lair:1)
  3 trolls
  4 hornets
  2 raiju (Lair:5)
  Prince Ribbit (D:8)
  45 blink frogs
  3 dream sheep (Lair:3)
  7 slime creatures
  2 shadows
  3 ynoxinuls (Lair:5)
  6 wyverns
  2 wraiths (D:10)
  2 water elementals (D:12)
  Sigmund (D:3)
  42 yaks
  A spriggan (Lair:5)
  A warg (Orc:1)
  5 vampire mosquitoes
  A chaos spawn (Lair:5)
  6 basilisks
  2 nagas (Lair:2)
  6 small abominations (Lair:5)
  Duvessa (D:5)
  An acid dragon (D:7)
  13 water moccasins
  9 orc warriors
  2 ice beasts
  3 black bears (D:7)
  18 wolves
  2 centaurs
  Blork the orc (D:4)
  4 kobold brigands
  16 bullfrogs
  7 wights
  A hexer (Lair:5)
  Dowan (D:5)
  9 killer bees
  2 electric eels
  6 jellies
  2 hounds
  6 orc priests
  2 iguanas
  15 orc wizards
  6 adders
  11 gnolls
  A shadow imp (D:7)
  A white imp (D:7)
  3 dart slugs
  30 orcs
  9 endoplasms
  4 giant cockroaches
  10 goblins
  5 hobgoblins
  6 kobolds
  3 quokkas
  3 ball pythons
  5 bats
  2 frilled lizards
  6 rats
435 creatures vanquished.

Vanquished Creatures (collateral kills)
  A hydra (Lair:2)
  A catoblepas (Lair:2)
  5 death yaks
  An ugly thing (Lair:5)
  A manticore (D:12)
  A large abomination (Lair:5)
  6 elephants
  A black mamba (Lair:3)
  2 cane toads
  A rime drake (Lair:3)
  A hornet (D:10)
  7 blink frogs
  3 dream sheep (Lair:3)
  A slime creature (D:11)
  A spriggan (Lair:5)
  A wyvern (D:8)
  5 yaks
  A vampire mosquito (D:10)
  6 water moccasins
  A naga (Lair:2)
  2 sky beasts
  An orc warrior (Orc:1)
  2 ogres (Orc:1)
  A small abomination (Lair:5)
  A wolf (Lair:1)
  A centaur (D:9)
  A kobold brigand (D:11)
  A scorpion (D:6)
  2 wights (D:8)
  A killer bee (D:9)
  A howler monkey (D:10)
  2 electric eels (D:12)
  A gnoll bouda (D:6)
  8 orc priests
  2 orc wizards
  5 gnolls (D:6)
  18 orcs
  2 endoplasms
  2 goblins
  6 kobolds
  A ball python (D:1)
108 creatures vanquished.

Vanquished Creatures (others)
  An adder (D:6)
  6 hexers
  2 ancestors
9 creatures vanquished.

Grand Total: 552 creatures vanquished

Notes
Turn   | Place    | Note
-------+----------+-------------------------------------------
     0 | D:5      | ragingrage the Vine Stalker Delver began the quest for the
                  | Orb.
     0 | D:5      | Reached XP level 1. HP: 11/11 MP: 2/2
    11 | D:5      | Noticed Duvessa
    11 | D:5      | Noticed an orc wizard
    11 | D:5      | Noticed an orc priest
    11 | D:5      | Noticed an orc priest
    24 | D:5      | Noticed an orc wizard
    34 | D:5      | Killed an orc wizard
    35 | D:5      | Reached XP level 2. HP: 16/16 MP: 0/3
    35 | D:5      | Reached XP level 3. HP: 19/19 MP: 0/4
   139 | D:5      | Found a runed translucent gate.
   140 | D:5      | Found a runed translucent gate.
   140 | D:5      | Found a runed translucent gate.
   188 | D:6      | Found a hazy altar of Hepliaklqana.
   254 | D:6      | Became a worshipper of Hepliaklqana the Forgotten
   285 | D:5      | Noticed a water moccasin
   291 | D:4      | Noticed Blork the orc
   600 | D:2      | Identified the +5 spear of World Downfall {freeze, ^Contam
                  | rElec rC- MP+9}
   759 | D:1      | Reached XP level 4. HP: 23/23 MP: 5/5
  1006 | D:1      | Reached * piety under Hepliaklqana
  1771 | D:2      | Learned a level 2 spell: Jinxbite
  1911 | D:3      | Noticed Sigmund
  1939 | D:3      | Killed Sigmund
  1940 | D:3      | Reached skill level 5 in Short Blades
  1940 | D:3      | Reached XP level 5. HP: 24/24 MP: 3/6
  1940 | D:3      | Reached XP level 6. HP: 28/28 MP: 3/7
  2661 | D:4      | Noticed Robin
  2677 | D:4      | Noticed a hornet
  2762 | D:4      | Found Orair's Weapon Boutique.
  2762 | D:4      | Reached ** piety under Hepliaklqana
  2763 | D:4      | Remembered your ancestor Ufodu as a hexer
  2789 | D:4      | Found a blossoming altar of Fedhas.
  2811 | D:4      | Noticed an oklob plant
  2832 | D:4      | Killed a hornet
  2833 | D:4      | Reached XP level 7. HP: 31/31 MP: 8/8
  2911 | D:4      | Killed Blork the orc
  2965 | D:4      | Noticed Pikel
  3003 | D:4      | Killed Pikel
  3004 | D:4      | Reached skill level 5 in Hexes
  3004 | D:4      | Gained mutation: You have razor-sharp teeth. [Vine Stalker
                  | growth]
  3004 | D:4      | Reached XP level 8. HP: 35/35 MP: 9/9
  3243 | D:5      | Noticed Dowan
  3283 | D:5      | Identified the +1 scale mail "Cuorgh" {rElec Str+5}
  3635 | D:5      | Noticed LadyBoffin's ghost (novice TeAE)
  3636 | D:5      | Noticed EvilEddieB's ghost (novice HuCj)
  3636 | D:5      | Noticed nobo's ghost (amateur MDRe)
  3637 | D:5      | Noticed scarr's ghost (novice OpMo)
  3961 | D:6      | Found a staircase to the Ecumenical Temple.
  4084 | D:6      | Reached skill level 1 in Armour
  4180 | D:6      | Reached XP level 9. HP: 38/38 MP: 10/10
  4723 | D:7      | Reached *** piety under Hepliaklqana
  4925 | D:7      | Reached skill level 10 in Short Blades
  5076 | D:7      | Reached skill level 5 in Armour
  5199 | D:5      | Killed Duvessa
  5203 | D:5      | Killed Dowan
  5495 | D:8      | Found a stormy altar of Qazlal.
  5526 | D:8      | Reached XP level 10. HP: 32/42 MP: 8/11
  5682 | D:8      | Found an ornate altar of the Wu Jian Council.
  5765 | D:8      | Identified the +10 short sword of Xihousk {flame, rElec
                  | Int+5}
  5801 | D:8      | Reached **** piety under Hepliaklqana
  5921 | D:8      | Noticed Prince Ribbit
  5935 | D:8      | Killed Prince Ribbit
  6327 | D:8      | Found a shimmering blue altar of Sif Muna.
  6427 | D:9      | Noticed Harold
  6444 | D:9      | Killed Harold
  6492 | D:9      | Found a staircase to the Lair.
  6819 | D:9      | Reached XP level 11. HP: 43/45 MP: 12/12
  6832 | D:9      | Reached skill level 10 in Armour
  7090 | D:10     | Entered Level 10 of the Dungeon
  7090 | D:10     | Reached ***** piety under Hepliaklqana
  7135 | D:10     | Identified the +1 robe of the Pink Corner {rPois Will-
                  | Int+7}
  7544 | D:10     | Noticed Urug
  7553 | D:10     | Killed Urug
  7554 | D:10     | Reached skill level 1 in Invocations
  7554 | D:10     | Reached skill level 1 in Evocations
  7670 | D:10     | Found an iron altar of Okawaru.
  8294 | D:11     | Noticed a boulder beetle
  8311 | D:11     | Killed a boulder beetle
  8333 | D:11     | Identified the +3 leather armour of Past Mistakes {-Tele
                  | rElec rF+++ Int-4}
  8344 | D:11     | Found a gate leading to a gauntlet.
  8464 | D:11     | Noticed a boulder beetle
  8500 | D:11     | Killed a boulder beetle
  8692 | D:11     | Noticed a boulder beetle
  8712 | D:11     | Killed a boulder beetle
  8713 | D:11     | Reached XP level 12. HP: 52/52 MP: 15/15
  9051 | Lair:1   | Entered Level 1 of the Lair of Beasts
  9513 | Lair:1   | Reached skill level 5 in Fighting
 10309 | Lair:2   | Reached skill level 5 in Invocations
 10354 | Lair:2   | Noticed a death yak
 10359 | Lair:2   | Noticed a death yak
 10363 | Lair:2   | Noticed a death yak
 10386 | Lair:1   | Killed a death yak
 10387 | Lair:1   | Reached XP level 13. HP: 3/58 MP: 6/18
 10476 | Lair:2   | Reached skill level 5 in Evocations
 10506 | Lair:2   | Found a staircase to the Shoals.
 10556 | Lair:2   | Reached skill level 5 in Dodging
 10741 | Lair:2   | Reached skill level 10 in Stealth
 10822 | Lair:2   | Found a staircase to the Snake Pit.
 11274 | Snake:1  | Entered Level 1 of the Snake Pit
 11422 | Lair:3   | Reached ****** piety under Hepliaklqana
 12533 | Lair:4   | Reached XP level 14. HP: 57/66 MP: 19/21
 12777 | Lair:4   | Reached skill level 10 in Fighting
 13316 | Lair:5   | Entered Level 5 of the Lair of Beasts
 13324 | Lair:5   | Found a viscous altar of Jiyva.
 13324 | Lair:5   | Found a staircase to the Slime Pits.
 13778 | Lair:5   | Reached skill level 1 in Shapeshifting
 15160 | Lair:5   | Reached XP level 15. HP: 72/72 MP: 22/22
 15165 | Lair:5   | Found a corrupted altar of Lugonu.
 15165 | Lair:5   | Found a one-way gate to the infinite horrors of the Abyss.
 15776 | D:12     | Found Onim's Weapon Boutique.
 15911 | D:12     | Found a staircase to the Orcish Mines.
 15934 | Orc:1    | Entered Level 1 of the Orcish Mines
 15999 | D:12     | Bought the +8 short sword of Quick Death {drain, rC+} for
                  | 831 gold pieces
 16048 | Orc:1    | Noticed Sonja
 16056 | Orc:1    | Killed Sonja
 16151 | Orc:1    | Found Goiprillyu's General Store.
 16223 | Orc:1    | HP: 3/74 [orc knight/+0 great sword (2)]
 16223 | Orc:1    | Slain by an orc high priest

Illustrated notes

Levels and vault maps discovered:
D:1:      dpeg_arrival_rooms_with_view, layout_loops_ring, fountainhead,
          serial_bayou_pond_c, minmay_worlds_worst_comb
D:2:      layout_loops_ring
D:3:      layout_basic, minmay_between, uniq_sigmund
D:4:      layout_rooms, tgw_fedhas, serial_shops, shop, st_stairs_10,
          uniq_robin, uniq_blork_the_orc, uniq_pikel
D:5:      layout_loops_ring, gammafunk_ghost_cemetery, uniq_duvessa
D:6:      layout_loops_cross, nicolae_hepliaklqana_hazy_memory,
          minmay_temple_entry_mist, lightli_minifort
D:7:      layout_gridville, nicolae_tricolors
D:8:      layout_gridville, grunt_qazlal_clouds, mainiacjoe_overflow_big_doors,
          uniq_prince_ribbit1
D:9:      layout_small_grid, lair_entry_dummy, uniq_harold
D:10:     layout_long_grid, okawaru_trees_1, grunt_ministairs_11,
          statue_in_the_mist_lemuel, uniq_urug
D:11:     layout_long_grid, gauntlet_entry_generic
D:12:     layout_cave_pools, erik_orc_2, serial_shops, nicolae_stop_n_shop_2
Lair:1:   layout_concentric_octagons
Lair:2:   layout_chaotic_city, shoals_dummy_entry,
          minmay_snake_entry_guardpost_small
Lair:3:   layout_long_grid, grunt_megastairs_3, lemuel_fruit_tree
Lair:4:   layout_big_grid, serial_bayou_pond_b, serial_bayou_shore_a,
          grunt_megastairs_2
Lair:5:   hellmonk_lair_end_abyssal_woods, layout_hall_layers,
          nicolae_slime_entry_slimehenge, bh_autumn_forest_stairs
Snake:1:  layout_misc_corridors, portal_ice_cave_entry_ice_statue_two,
          minmay_shoptagon, uniq_frances
Orc:1:    layout_caves, serial_shops, shop, guppyfry_orc_lava_fort, uniq_sonja,
          uniq_erolcha

Skill      XL: |  1  2  3  4  5  6  7  8  9 10 11 12 13 14 15 |
---------------+----------------------------------------------+-----
Short Blades   | 3 5 7 9 10 11 | 11.3
Hexes          | 2 3 5 |  5.0
Armour         | 1 5 9 11 | 11.1
Fighting       | 4 5 8 10 11 | 11.2
Dodging        | 3 4 5 6 |  6.9
Invocations    | 2 5 8 |  8.0
Evocations     | 2 4 5 6 7 |  7.0
Stealth        | 7 9 10 | 10.0
Shapeshifting  | 3 4 |  4.5

Action                     |  1- 3 |  4- 6 |  7- 9 | 10-12 | 13-15 || total
---------------------------+-------+-------+-------+-------+-------++-------
  Melee: Short sword       |    64 |   117 |   208 |   474 |   799 ||  1662
         Bite              |    17 |    36 |   113 |   219 |   421 ||   806
   Cast: Jinxbite          |       |       |       |     6 |       ||     6
 Invoke: Recall Ancestor   |       |     2 |     3 |     1 |     5 ||    11
         Ancestor Life: He |       |     1 |       |       |       ||     1
         Idealise          |       |       |       |       |     1 ||     1
  Evoke: Wand              |       |     1 |       |       |     6 ||     7
         Phantom mirror    |       |       |       |       |     2 ||     2
    Use: Scroll            |       |       |     3 |     2 |     5 ||    10
   Stab: Sleeping          |     7 |     5 |       |       |     1 ||    13
         Paralysed         |       |     1 |       |       |    10 ||    11
         Distracted        |       |       |     3 |     8 |    16 ||    27
         Confused          |       |       |     4 |     5 |    17 ||    26
 Armour: Leather armour    |    23 |    63 |    14 |   114 |   237 ||   451
         Scale mail        |       |       |    80 |   150 |   177 ||   407
         Robe              |       |       |     4 |       |       ||     4
  Dodge: Dodged            |    24 |    58 |    61 |   158 |   347 ||   648

Table legend: (Time is in decaauts)
 A = Elapsed time spent in this place.
 B = Non-inter-level travel time spent in this place.
 C = Inter-level travel time spent in this place.
 D = Time resting spent in this place.
 E = Time spent auto-exploring this place.
 F = Levels seen in this place.
 G = Mean time per level.
                   A        B        C        D        E       F      G
               +--------+--------+--------+--------+--------+-----+--------+
         Total |  15510 |  14085 |   1425 |    486 |  10521 |  19 |  816.3 |
       Dungeon |   9448 |   8584 |    864 |    215 |   6565 |  12 |  787.3 |
          Lair |   5917 |   5361 |    556 |    271 |   3897 |   5 | 1183.4 |
     Snake Pit |      1 |      1 |      0 |      0 |      0 |   1 |    1.0 |
  Orcish Mines |    142 |    138 |      4 |      0 |     59 |   1 |  142.0 |
               +--------+--------+--------+--------+--------+-----+--------+

Top non-repeatable levels by time:
  Lair:5: 1828 daAuts
  Lair:1: 1282 daAuts
     D:5: 1049 daAuts
    D:10: 978 daAuts
  Lair:3: 968 daAuts
    D:11: 943 daAuts
     D:3: 923 daAuts
  Lair:2: 923 daAuts
  Lair:4: 914 daAuts
     D:8: 872 daAuts
     D:6: 807 daAuts
     D:9: 731 daAuts
     D:1: 696 daAuts
     D:2: 663 daAuts
     D:7: 625 daAuts
